 Dungeon Crawl Stone Soup version 0.26-a0-438-g4b1dca4f87 (webtiles) character file.

Game seed: 5538895300314430065

229 KristoblXynda the Slasher (level 5, 0/45 HPs)
             Began as a Draconian Monk on July 26, 2020.
             Slain by a gnoll (4 damage)
             ... on level 4 of the Dungeon.
             The game lasted 00:03:40 (2888 turns).

KristoblXynda the Slasher (Draconian Monk)          Turns: 2888, Time: 00:03:41

Health: 0/45       AC:  5    Str: 13    XL:     5   Next: 71%
Magic:  14/14      EV: 14    Int: 12    God:
Gold:   198        SH:  0    Dex: 13    Spells: 4/4 levels left

rFire    . . .     SeeInvis .   a - +0 falchion
rCold    . . .     Faith    .   (no shield)
rNeg     . . .     Spirit   .   (armour unavailable)
rPois    .         Reflect  .   (helmet restricted)
rElec    .         Harm     .   (no cloak)
rCorr    .                      (no gloves)
MR       .....                  (no boots)
Stlth    ++........             (no amulet)
HPRegen  0.15/turn              g - ring of magical power
MPRegen  0.14/turn              k - ring of wizardry

@: no status effects
A: unfitting armour, cold-blooded, AC +5
a: no special abilities


You were on level 4 of the Dungeon.
You visited 1 branch of the dungeon, and saw 4 of its levels.

You collected 198 gold pieces.

Inventory:

Hand Weapons
 a - a +0 falchion (weapon)
Armour
 b - a +0 kite shield
Jewellery
 d - an uncursed ring of fire
 g - a ring of magical power (left hand)
 k - a ring of wizardry (right hand)
 r - a cursed ring of attention {unknown}
Wands
 o - a wand of paralysis (10)
Scrolls
 e - a scroll of teleportation {unknown}
 f - a scroll of random uselessness {unknown}
 h - a scroll of enchant armour {unknown}
 i - a scroll of identify {unknown}
 p - a scroll of noise {unknown}
 q - a scroll of magic mapping {unknown}
 s - a scroll of amnesia {unknown}
Potions
 c - a potion of lignification {unknown}
 j - a potion of curing
 l - a potion of stabbing {unknown}
 m - a potion of flight {unknown}
 n - 3 potions of brilliance {unknown}


   Skills:
 - Level 3.2 Fighting
 * Level 5.6 Long Blades
 + Level 4.0 Dodging
 - Level 1.7 Stealth


You had 4 spell levels left.
You didn't know any spells.
Your spell library was empty.

Dungeon Overview and Level Annotations

Branches:
Dungeon (4/15)
 Temple: D:4-7

Altars:
Gozag
Hepliaklqana
Qazlal
Zin


Innate Abilities, Weirdness & Mutations

Your plain brown scales are hard. (AC +5)
You cannot fit into any form of body armour.
You are cold-blooded and may be slowed by cold attacks.


Message History

The gnoll barely misses you. The gnoll closely misses you.
The helpless iguana fails to defend itself.
You hit the iguana. You tail-slap the iguana.
The iguana is severely wounded.
The hound skeleton bites you but does no damage.
The gnoll closely misses you.
The helpless iguana fails to defend itself.
You hit the iguana.
The iguana is almost dead.
The gnoll hits you but does no damage. The gnoll closely misses you.
The hound skeleton barely misses you.
The helpless iguana fails to defend itself.
You hit the iguana but do no damage.
The iguana is almost dead.
The gnoll hits you from afar with a +0 spear.
* * * LOW HITPOINT WARNING * * *
The hound skeleton bites you.
* * * LOW HITPOINT WARNING * * *
The gnoll hits you.
You die...

#### # ..( ..#
##########.##...#
......g@l........
....ggZ##<......#
.....g. ##......#
....... ......(
....... .......
....... ....<..
....... Z......
....... .......
.......


You could see an iguana (paralysed), 4 gnolls and a hound skeleton.

Vanquished Creatures
  Purgy (D:3)
  Ijyb (D:3)
  2 adders
  A white imp (D:2)
  An ooze (D:1)
  2 worms (D:3)
  A dart slug (D:2)
  3 leopard geckos
  3 orcs (D:3)
  A ball python (D:1)
  A bat (D:1)
  6 giant cockroaches
  4 goblins
  6 hobgoblins
  11 jackals
  2 kobolds
  2 quokkas
  5 frilled lizards
  11 rats
64 creatures vanquished.

Notes
Turn   | Place    | Note
-------+----------+-------------------------------------------
     0 | D:1      | KristoblXynda the Draconian Monk began the quest for the
                  | Orb.
     0 | D:1      | Reached XP level 1. HP: 19/19 MP: 1/1
   156 | D:1      | Reached XP level 2. HP: 25/26 MP: 2/2
   775 | D:1      | Reached XP level 3. HP: 31/31 MP: 3/3
   990 | D:2      | Found an opulent altar of Gozag.
  1003 | D:2      | Reached skill level 4 in Long Blades
  1382 | D:2      | Found a faded altar of an unknown god.
  1397 | D:2      | Reached XP level 4. HP: 20/38 MP: 4/4
  2098 | D:3      | Found a glowing silver altar of Zin.
  2098 | D:3      | Found a stormy altar of Qazlal.
  2189 | D:3      | Noticed Purgy
  2212 | D:3      | Killed Purgy
  2212 | D:3      | Reached skill level 5 in Long Blades
  2212 | D:3      | Reached XP level 5. HP: 31/45 MP: 5/5
  2633 | D:3      | Noticed Ijyb
  2657 | D:3      | Paralysed by Ijyb for 4 turns
  2662 | D:3      | Killed Ijyb
  2813 | D:3      | Found a hazy altar of Hepliaklqana.
  2888 | D:4      | Slain by a gnoll

Illustrated notes

Levels and vault maps discovered:
D:1:      lightli_arrival_statue_moat, layout_loops_cross
D:2:      layout_loops_ring, lemuel_doored_altar,
          chequers_ecumenical_altar_simple_redux, chequers_serial_rivers_micro_b
D:3:      layout_rooms, nicolae_overflow_crystal_walls,
          chequers_temple_overflow_statue_of_worship, uniq_purgy, uniq_ijyb
D:4:      layout_basic, lemuel_round_altar, uniq_menkaure, uniq_pikel

Skill      XL: |  1  2  3  4  5 |
---------------+----------------+-----
Dodging        | 3 4 |  4.0
Long Blades    | 4 5 |  5.6
Fighting       | |  3.2
Stealth        | |  1.7

Action                   |  1- 3 |  4- 6 || total
-------------------------+-------+-------++-------
Melee: Falchion          |   126 |    98 ||   224
       Tailslap          |    13 |    13 ||    26
Evoke: Wand              |       |     3 ||     3
  Use: Potion            |       |     1 ||     1
 Stab: Sleeping          |     4 |     1 ||     5
       Paralysed         |       |    22 ||    22
Armor: Skin              |    38 |    20 ||    58
Dodge: Dodged            |   102 |    50 ||   152
       Rpst.: Falchion   |    39 |    16 ||    55

Table legend: (Time is in decaauts)
 A = Elapsed time spent in this place.
 B = Non-inter-level travel time spent in this place.
 C = Inter-level travel time spent in this place.
 D = Time resting spent in this place.
 E = Time spent auto-exploring this place.
 F = Levels seen in this place.
 G = Mean time per level.
                   A        B        C        D        E       F      G
               +--------+--------+--------+--------+--------+-----+--------+
         Total |   2906 |   2778 |    128 |    934 |   1237 |   4 |  726.5 |
       Dungeon |   2906 |   2778 |    128 |    934 |   1237 |   4 |  726.5 |
               +--------+--------+--------+--------+--------+-----+--------+

Top non-repeatable levels by time:
     D:2: 1021 daAuts
     D:1: 986 daAuts
     D:3: 881 daAuts
     D:4: 17 daAuts
